 Dungeon Crawl Stone Soup version 0.30-a0-222-ge547ba4400 (webtiles) character file.

Game seed: 3684005783350029891

11334 heikuro the Carver (level 12, -6/92 HPs)
             Began as a Formicid Fighter on Oct 8, 2022.
             Was an Elder of Wu Jian.
             Mangled by a reaper
             ... wielding a +0 scythe of freezing
              (17 damage)
             ... in an ice cave.
             The game lasted 00:41:16 (15186 turns).

heikuro the Carver (Formicid Fighter)              Turns: 15186, Time: 00:41:17

Health: -6/92      AC: 14    Str: 31    XL:     12   Next: 6%
Magic:  12/12      EV: 20    Int:  9    God:    Wu Jian [****..]
Gold:   613        SH:  8    Dex: 13    Spells: 11/11 levels left

rFire   + + .      SeeInvis +    Q - +2 great sword (freeze)
rCold   + + .      Faith    .    x - +2 buckler
rNeg    . . .      Spirit   .    P - +0 plate armour {rF+}
rPois   .          Reflect  .    (helmet unavailable)
rElec   .          Harm     .    f - scarf {rC+ rF+}
rCorr   .          Rampage  .    n - +0 pair of gloves
Will    +....                    (no boots)
Stlth   ..........               p - amulet of magic regeneration
HPRegen 0.35/turn                k - +6 ring of strength
MPRegen 0.53/turn                F - ring of protection from cold

@: exhausted, in a heavenly storm, glowing
A: permanent stasis, dig shafts and tunnels, antennae 3, four strong arms
a: Dig, Renounce Religion, Wall Jump, Serpent's Lash


You were in an ice cave.
You worshipped Wu Jian.
Wu Jian was greatly pleased with you.
You visited 2 branches of the dungeon, and saw 12 of its levels.
You also visited: Ossuary and Ice Cave.

You collected 613 gold pieces.

Inventory:

Hand Weapons
 b - a +0 double sword
 e - a +1 vorpal trident
 H - a +6 rapier of speed
 J - a +2 dagger of venom
 Q - a +2 great sword of freezing (weapon)
Missiles
 d - a curare-tipped dart
 u - 14 poisoned darts (quivered)
 D - 6 throwing nets
Armour
 c - a +1 cloak of stealth
 f - a scarf of resistance (worn)
 n - a +0 pair of gloves (worn)
 x - a +2 buckler (worn)
 P - a +0 plate armour of fire resistance (worn)
Jewellery
 k - a +6 ring of strength (left hand)
 p - an amulet of magic regeneration (around neck)
 q - a +6 ring of intelligence
 y - a ring of wizardry
 B - a ring of willpower
 F - a ring of protection from cold (right hand)
Wands
 C - a wand of charming (28)
 I - a wand of polymorph (8)
 K - a wand of iceblast (20)
 L - a wand of acid (5)
 M - a wand of mindburst (8)
Scrolls
 g - 7 scrolls of fog
 h - a scroll of poison {unknown}
 i - 2 scrolls of magic mapping
 j - 2 scrolls of enchant armour {unknown}
 l - 3 scrolls of enchant weapon {unknown}
 m - 2 scrolls of amnesia
 o - 3 scrolls of blinking {unknown}
 r - 3 scrolls of immolation {unknown}
 s - 2 scrolls of silence {unknown}
 t - 3 scrolls of fear {unknown}
 v - 2 scrolls of torment {unknown}
 G - a scroll of vulnerability {unknown}
 O - a scroll of summoning {unknown}
Potions
 a - a potion of brilliance
 w - 5 potions of curing
 z - 2 potions of heal wounds
 A - 2 potions of attraction
 E - 2 potions of magic
 N - a potion of invisibility


   Skills:
 + Level 8.0 Fighting
 + Level 14.5 Long Blades
 - Level 8.0 Polearms
 + Level 7.7 Armour
 + Level 9.5 Shields
 + Level 6.4 Evocations


You had 11 spell levels left.
You didn't know any spells.
Your spell library contained the following spells:

 Spells                   Type           Power      Damage    Failure   Level
 Kiss of Death            Conj/Necr      0%         2d5       98%         1
 Sandblast                Erth           0%         2d4       98%         1
 Sting                    Tmut/Pois      0%         1d3       98%         1
 Passwall                 Tmut/Erth      0%         N/A       99%         2
 Poisonous Vapours        Pois/Air       0%         N/A       99%         2
 Confusing Touch          Hex            0%         N/A       100%        3
 Dazzling Flash           Conj/Hex       0%         N/A       100%        3
 Gell's Gravitas          Tloc           0%         N/A       100%        3
 Lesser Beckoning         Tloc           0%         N/A       100%        3
 Stone Arrow              Conj/Erth      0%         3d7       100%        3
 Teleport Other           Tloc           0%         N/A       100%        3
 Dispel Undead            Necr           0%         3d6       100%        4
 Olgreb's Toxic Radiance  Pois           0%         N/A       100%        4
 Agony                    Necr           0%         N/A       100%        5
 Iskenderun's Battlesphe  Conj           0%         2d6       100%        5
 Silence                  Hex/Air        0%         N/A       100%        5
 Iron Shot                Conj/Erth      0%         9d1       100%        6
 Spellforged Servitor     Conj/Summ      0%         N/A       100%        7


Dungeon Overview and Level Annotations

Branches:
Dungeon (11/15)            Temple (1/1) D:5            Lair (0/5) D:10
    Orc (0/2) D:10        Ossuary (visited)           IceCv (1/1)

Altars:
Ashenzari
Cheibriados
Dithmenos
Elyvilon
Fedhas
Gozag
Hepliaklqana
Kikubaaqudgha
Makhleb
Nemelex Xobeh
Okawaru
Qazlal
Ru
Sif Muna
Trog
Uskayaw
Vehumet
Wu Jian
Xom
Yredelemnul
Zin
The Shining One

Shops:
D:3 (   D:10 (


Innate Abilities, Weirdness & Mutations

You cannot be hasted, slowed, berserked, paralysed or teleported.
You can dig through walls and to a lower floor.
You have a pair of large antennae on your head. (SInv)
Your four strong arms can wield two-handed weapons with a shield.


Message History

Unknown command.
You spin and attack the reaper.
You slash the reaper!
The reaper is lightly wounded.
You spin and attack the ufetubus.
You slash the ufetubus! You freeze the ufetubus.
You kill the ufetubus!
The Council accepts your kill.
An ufetubus comes into view.
You block the ufetubus's attack. The ufetubus hits you.
The reaper hits you with a +0 scythe of freezing!!
The reaper freezes you.
Your muscles tense, ready for explosive movement...
A troll simulacrum comes into view.
You spin and attack the reaper, with incredible momentum.
You slice the reaper!!
The reaper is moderately wounded.
You spin and attack the ufetubus, with incredible momentum.
You slice the ufetubus!! You freeze the ufetubus.
You kill the ufetubus!
The Council accepts your kill.
You spin to attack the reaper, but your attack speed is too slow for a blow to land.
Your supernatural speed expires.
Unknown command.
You spin and attack the reaper.
You barely miss the reaper.
The reaper is moderately wounded.
The reaper barely misses you.
The troll simulacrum moves out of view.
Unknown command.
You spin and attack the reaper.
You hit the reaper but do no damage.
The reaper is moderately wounded.
You block the reaper's attack.
Unknown command.
You spin and attack the reaper.
You slash the reaper!
The reaper is heavily wounded.
The reaper hits you with a +0 scythe of freezing!!
* * * LOW HITPOINT WARNING * * *
The reaper freezes you.
* * * LOW HITPOINT WARNING * * *
Unknown command.
The reaper hits you from afar with a +0 scythe of freezing!
You die...

##...## ##..## ##.....#
#...## #..#.#.## ##...#
###....☼..####..##
##.#...##..##.##§.##
#..##..#....#..#§.#.
###§§#.##.#........#. #
{#§#§§#§#..##..#.#○...
#!.#☼2§@§☼....#..###...#
#[..☼Z§☼§§.#°....# #..##
#$Z#☼☼####.○°#...# ##.#.
# #§§....§☼.#...# ##...
##....#.§°#...###....
#...#..###....##....
##..#.##......##[..#
#..#.#.....#..##..#
##.......###..####


You could see a reaper and a troll simulacrum.

Vanquished Creatures
  Gastronok (D:8)
  Pikel (D:9)
  2 ice statues (IceCv)
  A gargoyle (D:10)
  A freezing wraith (IceCv)
  5 ice devils (IceCv)
  2 trolls (D:10)
  Prince Ribbit (D:5)
  A wyvern (D:9)
  A shadow (D:9)
  2 wraiths
  5 yaks (D:8)
  Eustachio (D:6)
  2 steam dragons
  2 acid dragons
  2 hydra simulacra (IceCv)
  A sky beast (D:6)
  A black bear (D:4)
  4 orc warriors
  3 ogres
  A wolf (D:10)
  5 centaurs
  Blork the orc (D:4)
  2 kobold brigands
  A lemure (D:9)
  An elf zombie (Ossuary)
  3 bullfrogs
  A gnoll sergeant (D:10)
  A scorpion (D:6)
  2 necrophages
  A cane toad simulacrum (IceCv)
  4 wights (D:7)
  2 elephant simulacra (IceCv)
  9 killer bees
  2 electric eels (D:10)
  5 howler monkeys
  2 centaur zombies (Ossuary)
  A jelly (D:7)
  8 orc priests
  Crazy Yiuf (D:6)
  12 hounds
  3 gnoll boudas
  Jessica (D:3)
  5 iguanas
  5 orc wizards
  2 spriggan simulacra (IceCv)
  2 polar bear simulacra (IceCv)
  A troll simulacrum (IceCv)
  2 wolf simulacra (IceCv)
  2 mummies (Ossuary)
  Robin (D:3)
  17 gnolls
  7 adders
  2 naga simulacra (IceCv)
  A shadow imp (D:7)
  4 white imps
  5 ufetubi
  3 adder zombies (Ossuary)
  3 worms
  3 dart slugs
  43 orcs
  9 endoplasms
  4 giant cockroaches
  13 goblins
  11 hobgoblins
  6 quokkas
  5 ball pythons
  7 bats
  3 frilled lizards
  10 hobgoblin zombies (Ossuary)
  2 jackal zombies (Ossuary)
  13 kobolds
  8 kobold zombies (Ossuary)
  9 orc zombies (Ossuary)
  3 rats
  2 rat zombies (Ossuary)
321 creatures vanquished.

Vanquished Creatures (others)
  A gnoll bouda (D:7)
  2 gnolls (D:7)
  2 demonic plants (D:2)
  3 fungi
  4 plants (D:8)
12 creatures vanquished.

Grand Total: 333 creatures vanquished

Notes
Turn   | Place    | Note
-------+----------+-------------------------------------------
     0 | D:1      | heikuro the Formicid Fighter began the quest for the Orb.
     0 | D:1      | Reached XP level 1. HP: 18/18 MP: 1/1
    40 | D:1      | Reached XP level 2. HP: 22/24 MP: 2/2
    51 | D:1      | You fall into a shaft and drop 1 floor!
   146 | D:2      | Found a faded altar of an unknown god.
   157 | D:2      | Prayed at the altar of an unknown god.
   157 | D:2      | Became a worshipper of the Wu Jian Council
   157 | D:2      | Reached * piety under Wu Jian
   390 | D:1      | Reached XP level 3. HP: 29/29 MP: 3/3
   770 | D:1      | Reached XP level 4. HP: 36/37 MP: 4/4
  1222 | D:2      | Reached ** piety under Wu Jian
  1378 | D:3      | Found Coakyries's Weapon Emporium.
  1498 | D:3      | Found an iron altar of Okawaru.
  1601 | D:3      | Noticed Robin
  1777 | D:3      | Killed Robin
  1778 | D:3      | Reached XP level 5. HP: 41/42 MP: 5/5
  2073 | D:3      | Noticed Jessica
  2088 | D:3      | Killed Jessica
  2307 | D:3      | Reached skill level 1 in Evocations
  2717 | D:4      | Reached skill level 5 in Shields
  2720 | D:4      | Reached *** piety under Wu Jian
  2730 | D:4      | Reached XP level 6. HP: 32/48 MP: 6/6
  2849 | D:4      | Noticed Blork the orc
  2855 | D:4      | Killed Blork the orc
  2868 | D:4      | Noticed a black bear
  2875 | D:4      | Killed a black bear
  2876 | D:4      | Reached XP level 7. HP: 53/55 MP: 7/7
  2959 | D:4      | Found a sand-covered staircase.
  2965 | Ossuary  | Entered an ossuary
  3136 | Ossuary  | Reached **** piety under Wu Jian
  3421 | Ossuary  | Reached skill level 5 in Polearms
  3841 | D:5      | Entered Level 5 of the Dungeon
  3849 | D:5      | Reached skill level 5 in Fighting
  3849 | D:5      | Reached skill level 5 in Armour
  3849 | D:5      | Reached XP level 8. HP: 62/62 MP: 8/8
  4282 | D:5      | Found a staircase to the Ecumenical Temple.
  4290 | Temple   | Entered the Ecumenical Temple
  4576 | D:5      | Found a sparkling altar of Nemelex Xobeh.
  5503 | D:6      | Noticed Eustachio
  5503 | D:6      | Noticed Prince Ribbit
  5880 | D:5      | You fall into a shaft and drop 3 floors!
  6019 | D:8      | Noticed Gastronok
  6029 | D:8      | Killed Gastronok
  6030 | D:8      | Reached XP level 9. HP: 25/71 MP: 9/9
  6200 | D:7      | Reached skill level 5 in Evocations
  6605 | D:6      | Reached XP level 10. HP: 73/77 MP: 10/10
  6645 | D:6      | Reached skill level 1 in Long Blades
  6671 | D:6      | Reached skill level 2 in Long Blades
  6677 | D:6      | Reached skill level 3 in Long Blades
  6789 | D:6      | Killed Eustachio
  6789 | D:6      | Reached skill level 4 in Long Blades
  6792 | D:6      | Reached skill level 5 in Long Blades
  6800 | D:6      | Reached skill level 6 in Long Blades
  7265 | D:6      | Found a runed translucent door.
  7265 | D:6      | Noticed Crazy Yiuf
  7270 | D:6      | Killed Crazy Yiuf
  7395 | D:5      | Found a sparkling altar of Nemelex Xobeh.
  7946 | D:5      | Found a staircase to the Ecumenical Temple.
  8021 | D:5      | Killed Prince Ribbit
  8022 | D:5      | Reached skill level 7 in Long Blades
  8818 | D:7      | Reached skill level 8 in Long Blades
  9324 | D:8      | Reached skill level 9 in Long Blades
 10087 | D:8      | Reached skill level 10 in Long Blades
 10271 | D:8      | Found an ornate altar of the Wu Jian Council.
 10272 | D:8      | Found a broken altar of Ashenzari.
 10416 | D:8      | Found a snail-covered altar of Cheibriados.
 10471 | D:8      | Reached skill level 11 in Long Blades
 10729 | D:9      | Reached ***** piety under Wu Jian
 10730 | D:9      | Reached XP level 11. HP: 76/84 MP: 11/11
 10853 | D:9      | Reached skill level 12 in Long Blades
 11160 | D:9      | Reached skill level 13 in Long Blades
 11285 | D:9      | Noticed Pikel
 11306 | D:9      | Killed Pikel
 11667 | D:9      | Reached skill level 14 in Long Blades
 11897 | D:10     | Entered Level 10 of the Dungeon
 12260 | D:10     | Found a staircase to the Lair.
 12841 | D:10     | Found a staircase to the Orcish Mines.
 13070 | D:10     | Identified the +7 falchion "Liqibosus" {vorpal, Will++
                  | Int+2}
 13397 | D:10     | Found Naguen's Weapon Shop.
 13451 | D:11     | Found a frozen archway.
 13485 | IceCv    | Entered an ice cave
 14803 | IceCv    | Reached XP level 12. HP: 52/92 MP: 12/12
 15174 | IceCv    | Noticed a reaper
 15186 | IceCv    | Mangled by a reaper

Illustrated notes

Levels and vault maps discovered:
D:1:      saegor_arrival_simple_e, layout_rooms, grunt_decor_cap, st_stairs_10
D:2:      layout_basic, shapermc_ecumenical_altar_gd
D:3:      layout_loops_corners, kennysheep_okawaru_gauntlet, serial_shops,
          nicolae_shop_bloodbath_and_beyond, chequers_serial_rivers_marsh,
          uniq_robin, uniq_jessica
D:4:      minmay_chambers_of_twos, layout_cave_pools,
          nicolae_ossuary_entry_plus, uniq_blork_the_orc
D:5:      layout_loops_ring, nemelex_dance_club_becter,
          minmay_temple_entry_glassed_door, serial_co_window_serial,
          co_window_paths_a, co_window_corner_a, co_window_corner_a,
          co_window_paths_a, co_window_paths_b, co_window_paths_a,
          co_window_corner_a, co_window_paths_a, co_window_corner_a,
          co_window_of_opportunity_b, co_window_paths_c, co_window_corner_cb,
          co_window_of_opportunity_c, co_window_broadway_c, co_window_paths_d,
          glass_columns_a, glass_columns_b, glass_columns_c, glass_columns_a,
          glass_columns_b, nrook_campfire
D:6:      layout_cave_pools, minmay_manual_mares, uniq_eustachio,
          uniq_crazy_yiuf_cottage, uniq_prince_ribbit1
D:7:      layout_rooms, minmay_fractal_squares_gapless_5
D:8:      layout_basic, cheibrodos_worm_habitat,
          gammafunk_temple_overflow_pools, serial_corexii_hall,
          chequers_hall_statues_y, corexii_hall_statues_l,
          nicolae_grassy_gnolls, uniq_gastronok
D:9:      layout_cave_pods, uniq_pikel
D:10:     layout_stronghold, erik_lair_island, hiddenorc1_lemuel, serial_shops,
          nicolae_stop_n_shop_1
D:11:     layout_big_octagon, serial_shops, shop, nicolae_shop_stone,
          portal_ice_cave_entry_pillars_2, enter_trove_1,
          nicolae_transmutations_shop
Temple:   sentei_temple_godly_chess
IceCv:    ice_cave_small_demon

Skill      XL: |  1  2  3  4  5  6  7  8  9 10 11 12 |
---------------+-------------------------------------+-----
Polearms       | 3 4 5 7 8 |  8.0
Armour         | 4 5 6 7 |  7.7
Fighting       | 4 5 6 7 8 |  8.0
Evocations     | 1 2 4 5 6 |  6.4
Shields        | 5 6 7 8 9 |  9.5
Long Blades    | 11 14 | 14.5

Action                   |  1- 3 |  4- 6 |  7- 9 | 10-12 || total
-------------------------+-------+-------+-------+-------++-------
Melee: Trident           |    88 |   174 |   252 |       ||   514
       Halberd           |       |       |    95 |    29 ||   124
       Double sword      |       |       |       |   665 ||   665
       Rapier            |       |       |       |    80 ||    80
       Dagger            |       |       |       |    50 ||    50
       Great sword       |       |       |       |    10 ||    10
Throw: Dart              |       |       |     2 |    12 ||    14
Invok: Whirlwind         |     1 |    57 |   164 |   288 ||   510
       Lunge             |     1 |     2 |     7 |    30 ||    40
       Serpent's Lash    |       |       |       |     4 ||     4
       Heavenly Storm    |       |       |       |     2 ||     2
 Abil: Wall Jump         |       |     4 |     2 |    12 ||    18
       Dig               |       |     1 |     1 |       ||     2
       Shaft Self        |       |       |     1 |       ||     1
Evoke: Wand              |       |       |       |     1 ||     1
  Use: Scroll            |       |     3 |     3 |     7 ||    13
       Potion            |       |     3 |     2 |     5 ||    10
Armor: Scale mail        |    27 |    62 |   148 |    56 ||   293
       Plate armour      |       |       |       |   236 ||   236
Dodge: Dodged            |    31 |    78 |   122 |   228 ||   459
Block: Buckler           |    10 |    35 |    75 |   265 ||   385

Table legend: (Time is in decaauts)
 A = Elapsed time spent in this place.
 B = Non-inter-level travel time spent in this place.
 C = Inter-level travel time spent in this place.
 D = Time resting spent in this place.
 E = Time spent auto-exploring this place.
 F = Levels seen in this place.
 G = Mean time per level.
                   A        B        C        D        E       F      G
               +--------+--------+--------+--------+--------+-----+--------+
         Total |  15241 |  14554 |    687 |   4356 |   5699 |  14 | 1088.6 |
       Dungeon |  13037 |  12353 |    684 |   2998 |   5697 |  11 | 1185.2 |
        Temple |      7 |      4 |      3 |      0 |      2 |   1 |    7.0 |
       Ossuary |    521 |    521 |      0 |    184 |      0 |   1 |  521.0 |
      Ice Cave |   1674 |   1674 |      0 |   1174 |      0 |   1 | 1674.0 |
               +--------+--------+--------+--------+--------+-----+--------+

Top non-repeatable levels by time:
     D:5: 2930 daAuts
     D:8: 1684 daAuts
   IceCv: 1674 daAuts
    D:10: 1544 daAuts
     D:7: 1251 daAuts
     D:3: 1244 daAuts
     D:9: 1165 daAuts
     D:6: 868 daAuts
     D:2: 838 daAuts
     D:4: 787 daAuts
     D:1: 688 daAuts
 Ossuary: 521 daAuts
    D:11: 33 daAuts
  Temple: 7 daAuts
